 Dungeon Crawl Stone Soup version 0.22-a0-224-g8cf3520 (webtiles) character file.

22761 b5mith the Spear-Bearer (level 12, 0/113 HPs)
             Began as a Minotaur Berserker on Feb 19, 2018.
             Was the Champion of Trog.
             Slain by a 12-headed hydra (6 damage)
             ... on level 12 of the Dungeon.
             The game lasted 00:51:57 (15042 turns).

b5mith the Spear-Bearer (Minotaur Berserker)       Turns: 15042, Time: 00:51:58

Health: 0/113      AC: 14    Str: 28    XL:     12   Next: 65%
Magic:  3/3        EV: 23    Int:  4    God:    Trog [******]
Gold:   239        SH:  0    Dex: 14    Spells: 11/11 levels left

rFire    . . .     SeeInvis .   Q - +2 glaive (antimagic)
rCold    + . .     Gourm    .   (shield currently unavailable)
rNeg     + . .     Faith    .   U - +0 scale mail {rC+}
rPois    .         Spirit   .   (helmet restricted)
rElec    .         Reflect  .   G - +1 cloak
rCorr    .         Harm     .   s - +1 pair of gloves
MR       .....                  (no boots)
Stlth    +.........             (no amulet)
HPRegen  0.28/turn              j - ring of wizardry
MPRegen  0.08/turn              K - ring of positive energy

@: agile, berserk cooldown, slowed, very slow
A: retaliatory headbutt, horns 2
a: Berserk, Trog's Hand, Brothers in Arms, Renounce Religion


You were on level 12 of the Dungeon.
You worshipped Trog.
Trog was exalted by your worship.
You were hungry.

You visited 1 branch of the dungeon, and saw 13 of its levels.

You collected 870 gold pieces.
You spent 631 gold pieces at shops.

Inventory:

Hand Weapons
 I - the +5 trident "Ockemar" {antimagic, rPois rF+ Str+2 Dex-2 SInv}
   (You bought it in a shop on level 5 of the Dungeon)

   It reduces the magical energy of the wielder, and disrupts the spells and
   magical abilities of those hit.
   Natural abilities and divine invocations are not affected.
   It affects your strength (+2).
   It affects your dexterity (-2).
   It protects you from fire.
   It protects you from poison.
   It lets you see invisible.
 Q - a +2 antimagic glaive (weapon)
Missiles
 f - 269 stones
 z - 4 javelins
 F - 5 throwing nets
 P - 14 tomahawks (quivered)
Armour
 b - a +0 animal skin
 p - a +0 troll leather armour
 s - a +1 pair of gloves (worn)
 G - a +1 cloak (worn)
 U - a +0 scale mail of cold resistance (worn)
Jewellery
 j - a ring of wizardry (left hand)
 K - a ring of positive energy (right hand)
Wands
 i - a wand of acid (28)
 m - a wand of flame (20)
 r - a wand of random effects (26)
 w - a wand of polymorph (27)
 C - a wand of disintegration (9)
 H - a wand of digging (24)
 T - a wand of enslavement (19)
Scrolls
 a - 2 scrolls of random uselessness
 h - a scroll of immolation
 o - 4 scrolls of amnesia
 t - 5 scrolls of identify {@r1}
 u - 6 scrolls of magic mapping
 v - 4 scrolls of enchant armour
 y - 2 scrolls of enchant weapon
 A - 9 scrolls of remove curse {@r2}
 D - a scroll of fog {unknown}
 E - 3 scrolls of teleportation
 J - 3 scrolls of fear
 N - 3 scrolls of acquirement
Potions
 d - 3 potions of degeneration
 e - 3 potions of cancellation
 g - 4 potions of curing {@q1}
 k - 2 potions of haste
 l - 4 potions of agility
 n - 3 potions of mutation
 q - 3 potions of resistance
 x - 3 potions of ambrosia
 B - a potion of lignification {unknown}
 L - 3 potions of flight
 M - 2 potions of brilliance {unknown}
 R - a potion of magic {unknown}
Miscellaneous
 S - a box of beasts
Comestibles
 c - 22 rations


   Skills:
 + Level 12.9 Fighting
 + Level 12.9 Polearms
 + Level 12.8 Armour
 + Level 11.8 Dodging


You had 11 spell levels left.
You didn't know any spells.

Dungeon Overview and Level Annotations

Branches:
Dungeon (13/15)            Temple (0/1) D:7            Lair (0/6) D:10
    Orc (0/2) D:12         Vaults (0/5) D:13

Altars:
Dithmenos
Fedhas
Kikubaaqudgha
Makhleb
Okawaru
Sif Muna
Trog
Xom

Shops:
D:5 }!(   D:6 !   D:13 }

Annotations:
D:2 1 runed door
D:13 1 runed door


Innate Abilities, Weirdness & Mutations

You reflexively headbutt those who attack you in melee.
You have a pair of horns on your head.


Message History

The 12-headed hydra misses you.
The 12-headed hydra completely misses you. x2
The 12-headed hydra barely misses you. The 12-headed hydra bites you!
* * * LOW HITPOINT WARNING * * *
The 12-headed hydra bites you.
* * * LOW HITPOINT WARNING * * *
The 12-headed hydra bites you but does no damage. x2
The 12-headed hydra bites you!
* * * LOW HITPOINT WARNING * * *
You are too berserk!
You feel a strong urge to attack something.
You feel your anger nearly subside.
You are no longer berserk.
You are exhausted.
You feel yourself slow down.
The 12-headed hydra completely misses you.
The 12-headed hydra bites you but does no damage.
The 12-headed hydra closely misses you.
The 12-headed hydra bites you but does no damage.
The 12-headed hydra bites you.
You die...

.............#........####.###.##
............#.[..>....# #..# #..#
..............#.......###.## ##..
..######.#.#..>.......#...# ##.
......##..)..##.......#.########.
......###.)####..................
...........# #..................
......#..#.# ##.................
......#.##.# #@................
#....##.##s## ##D##..............
##.#.##.##..# #.s##.........<....
#.#........###.###..............
#.#....###s.....................
##.#.............................
#.......#####...#####.....#......
#...############################.
#...#....................).....(.


You could see a 12-headed hydra and a scorpion.

Vanquished Creatures
  The ghost of Partyfoot the Spear-Bearer, a journeyman CeGl of Dithmenos (D:12)
  A centaur warrior (D:13)
  6 two-headed ogres
  An unseen horror (D:13)
  A wizard (D:13)
  2 deep elf magi
  An oklob plant (D:6)
  A cyclops (D:11)
  A centaur zombie (D:12)
  The ghost of smazza the Poker, a novice MfWr (D:4)
  A gargoyle (D:10)
  2 trolls
  Grinder (D:5)
  2 hornets
  7 hippogriffs
  Sigmund (D:5)
  A spriggan (D:7)
  A shadow (D:12)
  14 yaks
  A basilisk (D:12)
  2 wraiths (D:11)
  Grum (D:9)
  3 hungry ghosts
  An acid dragon (D:12)
  Duvessa (D:5)
  A water moccasin (D:9)
  9 orc warriors
  4 ice beasts
  2 black bears
  2 eyes of draining
  A necrophage (D:8)
  6 sky beasts
  4 phantoms
  4 ogres
  4 wolves
  2 crocodiles (D:9)
  10 centaurs
  3 gnoll sergeants
  10 bullfrogs
  Dowan (D:5)
  5 scorpions
  6 killer bees (D:13)
  3 electric eels (D:10)
  3 howler monkeys
  4 crimson imps
  9 jellies
  6 orc priests
  A centaur skeleton (D:6)
  3 bullfrog zombies
  10 hounds
  2 bullfrog skeletons
  3 iguanas
  14 orc wizards
  12 worker ants
  A killer bee zombie (D:8)
  2 hound skeletons (D:10)
  A worker ant zombie (D:8)
  25 gnolls
  13 adders
  3 shadow imps
  12 oozes
  An adder zombie (D:6)
  An adder skeleton (D:4)
  3 dart slugs
  8 leopard geckos
  53 orcs
  8 giant cockroaches
  10 goblins
  9 hobgoblins
  8 jackals
  7 kobolds
  4 bats
  9 frilled lizards
  2 jackal skeletons (D:7)
  2 quokka skeletons (D:4)
  6 rats
387 creatures vanquished.

Vanquished Creatures (others)
  2 fungi (D:6)
2 creatures vanquished.

Grand Total: 389 creatures vanquished

Notes
Turn   | Place    | Note
-------+----------+-------------------------------------------
     0 | D:1      | b5mith the Minotaur Berserker began the quest for the Orb.
     0 | D:1      | Reached XP level 1. HP: 19/19 MP: 0/0
     0 | D:1      | Noticed a vine stalker
     7 | D:1      | Noticed a troll
    12 | D:1      | Noticed a minotaur
    15 | D:1      | Noticed a dwarf
    16 | D:1      | Noticed a troll
    20 | D:1      | Noticed a draconian
    22 | D:1      | Noticed an elf
    22 | D:1      | Noticed an elf
    24 | D:1      | Noticed an ogre
    24 | D:1      | Noticed a formicid
    24 | D:1      | Noticed an ogre
    26 | D:1      | Noticed an elf
    28 | D:1      | Noticed a gargoyle
    30 | D:1      | Noticed a naga
   253 | D:1      | Reached XP level 2. HP: 27/27 MP: 1/1
   688 | D:1      | Reached ** piety under Trog
   863 | D:2      | Reached XP level 3. HP: 31/33 MP: 2/2
  1105 | D:2      | Found a runed door.
  1417 | D:2      | Reached XP level 4. HP: 39/40 MP: 3/3
  1695 | D:3      | Found a bloodstained altar of Trog.
  1817 | D:3      | Noticed a centaur
  1826 | D:3      | Killed a centaur
  1826 | D:3      | Reached XP level 5. HP: 25/47 MP: 4/4
  1997 | D:3      | Reached *** piety under Trog
  2642 | D:3      | Reached skill level 5 in Fighting
  2642 | D:3      | Reached skill level 5 in Polearms
  2642 | D:3      | Reached XP level 6. HP: 27/56 MP: 5/5
  3422 | D:4      | Reached skill level 5 in Armour
  3422 | D:4      | Reached XP level 7. HP: 54/62 MP: 6/6
  3434 | D:4      | Noticed smazza's ghost (novice MfWr)
  3873 | D:4      | Reached skill level 5 in Dodging
  4170 | D:4      | Killed smazza's ghost
  4170 | D:4      | Reached XP level 8. HP: 54/71 MP: 7/7
  4583 | D:5      | Entered Level 5 of the Dungeon
  4794 | D:5      | Found Vuett's Gadget Shop.
  4923 | D:5      | Noticed Grinder
  4927 | D:5      | Paralysed by Grinder for 4 turns
  4940 | D:5      | Killed Grinder
  5116 | D:5      | Reached **** piety under Trog
  5164 | D:5      | Found Gueher's Antique Weapon Emporium.
  5259 | D:5      | Found a shadowy altar of Dithmenos.
  5312 | D:5      | Noticed Dowan
  5317 | D:5      | Noticed Duvessa
  5346 | D:5      | Killed Duvessa
  5361 | D:5      | Killed Dowan
  5579 | D:5      | Noticed Sigmund
  5594 | D:5      | Killed Sigmund
  5652 | D:5      | Bought an iridescent trident for 255 gold pieces
  5652 | D:5      | Identified the +5 trident "Ockemar" {antimagic, rPois rF+ Str+2 Dex-2 SInv} (You bought it in a shop on level 5 of the Dungeon)
  5807 | D:5      | Found Supudiodgh's Distillery.
  5813 | D:5      | Bought a potion of curing for 36 gold pieces
  5971 | D:6      | Reached XP level 9. HP: 24/81 MP: 2/8
  6493 | D:6      | Found a blossoming altar of Fedhas.
  6751 | D:6      | Found a burning altar of Makhleb.
  6754 | D:6      | Found a shimmering altar of Xom.
  6757 | D:6      | Found an ancient bone altar of Kikubaaqudgha.
  6787 | D:6      | Noticed an oklob plant
  6799 | D:6      | Reached ***** piety under Trog
  6826 | D:6      | Killed an oklob plant
  7110 | D:6      | Found Plog's Distillery.
  7720 | D:7      | Reached XP level 10. HP: 78/91 MP: 3/9
  7993 | D:7      | Found a staircase to the Ecumenical Temple.
  8803 | D:8      | Noticed a two-headed ogre
  8817 | D:8      | Killed a two-headed ogre
  8895 | D:8      | Reached skill level 10 in Fighting
  8929 | D:8      | Reached skill level 10 in Polearms
  9238 | D:8      | Identified Kikubaaqudgha's Tome of Unholy Rites
  9544 | D:9      | Found a deep blue altar of Sif Muna.
  9572 | D:8      | Reached skill level 10 in Armour
  9731 | D:9      | Noticed Grum
  9736 | D:9      | Noticed a two-headed ogre
  9750 | D:9      | Killed a two-headed ogre
  9752 | D:9      | Killed Grum
  9980 | D:9      | Found an iron altar of Okawaru.
 10197 | D:9      | Reached XP level 11. HP: 101/101 MP: 3/10
 10404 | D:10     | Entered Level 10 of the Dungeon
 10618 | D:10     | Found a staircase to the Lair.
 10953 | D:10     | Reached skill level 10 in Dodging
 11223 | D:10     | Noticed a deep elf mage
 11225 | D:10     | Noticed a sixfirhy
 11226 | D:10     | Noticed a sun demon
 11295 | D:9      | Killed a deep elf mage
 11927 | D:10     | Identified 2 scrolls of acquirement
 12026 | D:11     | Received a gift from Trog
 12562 | D:11     | Noticed a two-headed ogre
 12571 | D:11     | Killed a two-headed ogre
 12941 | D:12     | Noticed Partyfoot's ghost (journeyman CeGl)
 12975 | D:12     | Killed Partyfoot's ghost
 12975 | D:12     | Reached XP level 12. HP: 55/112 MP: 3/11
 13448 | D:12     | Found a staircase to the Orcish Mines.
 13862 | D:13     | Noticed a centaur warrior
 13868 | D:13     | Killed a centaur warrior
 13891 | D:13     | Found Helexzur's Gadget Shop.
 13925 | D:13     | Bought a box of beasts for 340 gold pieces
 13993 | D:13     | Reached ****** piety under Trog
 14051 | D:13     | Found a runed door.
 14068 | D:13     | Noticed a two-headed ogre
 14075 | D:13     | Killed a two-headed ogre
 14164 | D:13     | Noticed a two-headed ogre
 14168 | D:13     | Killed a two-headed ogre
 14175 | D:13     | Found a gate to the Vaults.
 14175 | D:13     | Noticed a two-headed ogre
 14196 | D:13     | Killed a two-headed ogre
 14701 | D:13     | Noticed a five-headed hydra
 15034 | D:12     | HP: 4/169 [12-headed hydra (8)]
 15042 | D:12     | Slain by a 12-headed hydra

Vault maps used:
D:1:      shiori_arrival_whats_in_store_for_you
D:2:      uniq_crazy_yiuf_cottage
D:3:      trog_butcher_becter
D:4:      cheibrodos_old_hovel, first_ration
D:5:      nicolae_dithmenos_through_a_glass_darkly, serial_shops,
          kennysheep_little_box, shop, nicolae_shop_stone, feat_on_display,
          uniq_duvessa, uniq_sigmund, uniq_grinder
D:6:      lemuel_slime, grunt_temple_overflow_diamond, serial_shops,
          kennysheep_mini_moat, fedhas_altar_3
D:7:      minmay_temple_entry_enclosed_plants, the_bakery, kennysheep_nub
D:9:      lemuel_crystal_altar, okawaru_gym_becter, st_stairs_5, uniq_grum
D:10:     erik_lair_island, minmay_librarian
D:11:     hangedman_abyss_or_decor_clamps
D:12:     david_orc_4
D:13:     minmay_outward_triangles, david_vaults_1, serial_shops, shop,
          lightli_church_of_beogh

Skill      XL: |  1  2  3  4  5  6  7  8  9 10 11 12 |
---------------+-------------------------------------+-----
Fighting       | 4 5 6 7 9 10 12 | 12.9
Polearms       | 4 5 6 7 9 10 12 | 12.9
Armour         | 3 4 5 6 7 9 10 11 12 | 12.8
Dodging        | 3 4 5 6 8 9 11 | 11.8

Action                   |  1- 3 |  4- 6 |  7- 9 | 10-12 || total
-------------------------+-------+-------+-------+-------++-------
Melee: Spear             |   132 |   150 |   193 |       ||   475
       Headbutt          |    13 |    15 |    43 |   108 ||   179
       Trident           |       |       |   181 |   412 ||   593
       Glaive            |       |       |       |   255 ||   255
Throw: Stone             |     3 |     8 |    75 |    60 ||   146
       Tomahawk          |       |       |       |    51 ||    51
Invok: Berserk           |       |     1 |     3 |     3 ||     7
  Use: Scroll            |       |     1 |    12 |    11 ||    24
       Potion            |       |     1 |     2 |     6 ||     9
 Stab: Sleeping          |     1 |     1 |       |       ||     2
  Eat: Chunk             |     2 |     6 |     5 |    13 ||    26
       Ration            |       |     1 |     3 |     4 ||     8
Armor: Animal skin       |    12 |    25 |    49 |     4 ||    90
       Troll leather arm |       |       |       |   170 ||   170
       Scale mail        |       |       |       |    38 ||    38
Dodge: Dodged            |    64 |    89 |   172 |   500 ||   825

Table legend:
 A = Spawn XP
 B = Non-spawn XP
 C = Spawn XP percentage of total XP
 D = Spawn monster count
 E = Non-spawn monster count
 F = Spawn count percentage of total count
 G = Total turns spent on level
                    A         B        C        D         E        F      G
               +---------+---------+-------+---------+---------+-------+---------
         Total |       0 |   32517 |   0.0 |       0 |     387 |   0.0 | 15042
               +---------+---------+-------+---------+---------+-------+---------
           D:1 |       0 |      36 |   0.0 |       0 |      20 |   0.0 |   809
           D:2 |       0 |      61 |   0.0 |       0 |      24 |   0.0 |   803
           D:3 |       0 |     500 |   0.0 |       0 |      31 |   0.0 |  1632
           D:4 |       0 |     926 |   0.0 |       0 |      21 |   0.0 |  1339
           D:5 |       0 |    1136 |   0.0 |       0 |      20 |   0.0 |  1312
           D:6 |       0 |    1818 |   0.0 |       0 |      48 |   0.0 |  1442
           D:7 |       0 |    1117 |   0.0 |       0 |      20 |   0.0 |  1138
           D:8 |       0 |    3198 |   0.0 |       0 |      32 |   0.0 |  1033
           D:9 |       0 |    3320 |   0.0 |       0 |      33 |   0.0 |  1033
          D:10 |       0 |    4316 |   0.0 |       0 |      41 |   0.0 |  1480
          D:11 |       0 |    4559 |   0.0 |       0 |      26 |   0.0 |   859
          D:12 |       0 |    4610 |   0.0 |       0 |      47 |   0.0 |  1229
          D:13 |       0 |    6920 |   0.0 |       0 |      24 |   0.0 |   933
               +---------+---------+-------+---------+---------+-------+---------
